 Dungeon Crawl Stone Soup version 0.32-a0-898-g7811c86cf0 (webtiles) character file.

Game seed: 12034102964247212858

294 Biggs the Shooter (level 6, -11/44 HPs)
             Began as a Coglin Hunter on Apr 4, 2024.
             Killed by divine providence
             ... invoked by an orc priest
              (12 damage)
             ... on level 4 of the Dungeon.
             The game lasted 00:05:09 (2341 turns).

Biggs the Shooter (Coglin Hunter)                   Turns: 2341, Time: 00:05:09

Health: -11/44     AC:  5    Str: 12    XL:     6   Next: 33%
Magic:  6/6        EV: 11    Int:  8    God:
Gold:   184        SH:  0    Dex: 19    Spells: 5/5 levels left

rFire   . . .        a - +2 sling {Isabel}
rCold   . . .        d - +0 sling {Charoen}
rNeg    . . .        c - +0 leather armour
rPois   .            r - +0 helmet
rElec   .            (no cloak)
rCorr   .            (no gloves)
SInv    .            m - +0 pair of boots
Will    .....        (amulet unavailable)
Stlth   +            (ring unavailable)
HPRegen 0.27/turn    (ring unavailable)
MPRegen 0.10/turn    (no gizmo)

%: no passive effects
@: confused, revving
A: off-hand wielding, slow wielding, warmup strikes, no jewellery
a: Invent Gizmo, Convert to Beogh


You were on level 4 of the Dungeon.
You visited 1 branch of the dungeon, and saw 4 of its levels.

You collected 184 gold pieces.

Inventory:

Hand Weapons
 a - a +2 sling (weapon) {Isabel}
 d - a +0 sling (offhand) {Charoen}
Missiles
 s - 5 atropa-tipped darts
 u - 6 curare-tipped darts
Armour
 c - a +0 leather armour (worn)
 m - a +0 pair of boots (worn)
 r - a +0 helmet (worn)
Scrolls
 b - a scroll of butterflies
 f - a scroll of blinking {unknown}
 g - a scroll of torment {unknown}
 i - a scroll of silence {unknown}
 j - 3 scrolls of teleportation {unknown}
 k - a scroll of fear {unknown}
 n - 2 scrolls of revelation {unknown}
 o - 3 scrolls of identify {unknown}
Potions
 e - a potion of degeneration {unknown}
 h - a potion of haste {unknown}
 l - 3 potions of attraction {unknown}
 p - a potion of curing {unknown}
 q - a potion of might {unknown}
 t - a potion of enlightenment {unknown}


   Skills:
 - Level 2.0 Fighting
 + Level 6.8 Ranged Weapons
 - Level 1.7 Dodging
 - Level 0.7 Stealth


You had 5 spell levels left.
You didn't know any spells.
Your spell library contained the following spells:

 Spells                   Type           Power      Damage    Failure   Level
 Sandblast                Erth           0%         2d4       50%         1
 Stone Arrow              Conj/Erth      0%         3d7       86%         3
 Brom's Barrelling Bould  Conj/Erth      0%         2d3       99%         4


Dungeon Overview and Level Annotations

Branches:
Dungeon (4/15)
 Temple: D:4-7

Altars:
Trog


Innate Abilities, Weirdness & Mutations

You can wield a second weapon in your off-hand.
It takes a long time for you to wield or remove held weapons.
Your first few attacks do less damage.
You cannot equip rings or amulets.


Message History

You shoot a sling bullet.
The orc priest shouts, "Surrender to Beogh and we'll let you live!"
You shoot a sling bullet. The sling bullet hits the orc priest.
The orc priest is almost dead.
You hear some strange, mumbled words.
You are confused.
Unknown command.
Non-targeted confused fire: a) +2 sling {Isabel}
Press: ? - help, Q - select action, (/) - cycle Dir - look around, f - activate You shoot a sling bullet. x2
The orc priest mumbles some strange prayers to Beogh against you.
Something writhes in agony.
Something hits you but does no damage.
Unknown command.
Non-targeted confused fire: a) +2 sling {Isabel}
Press: ? - help, Q - select action, (/) - cycle Dir - look around, f - activate Look: an orc priest, wielding a +0 short sword (almost dead)
You shoot a sling bullet. x2
The orc priest threatens, "Beogh's wrath is as vast as their mercy.
Make your choice!"
The orc priest calls upon Beogh to heal the orc.
The orc is healed somewhat.
Something hits you.
Unknown command.
Non-targeted confused fire: a) +2 sling {Isabel}
Press: ? - help, Q - select action, (/) - cycle Dir - look around, f - activate Look: an orc priest, wielding a +0 short sword (almost dead)
You shoot a sling bullet. x2
Something hits you.
Unknown command.
Unknown command.
Non-targeted confused fire: a) +2 sling {Isabel}
Press: ? - help, Q - select action, (/) - cycle Dir - look around, f - activate Look: an orc priest, wielding a +0 short sword (almost dead)
You shoot a sling bullet. x2
The orc priest calls down the wrath of Beogh upon you.
Beogh smites you!
* * * LOW HITPOINT WARNING * * *
Something hits you.
* * * LOW HITPOINT WARNING * * *
The orc priest invokes the aid of Beogh against you.
Beogh smites you!
You die...

##### ...# #.# ##.....#
###...........##.#
#....###
.............o#.###.####
........ ...⌠#..#.##
.....) #...## .o$. #..##
#.. ##..#####
#)#########.........
#..oo)@.....######..
##..######### #..##
#.### ##


You could see an orc priest and an orc.

Vanquished Creatures
  A bullfrog (D:4)
  An orc priest (D:4)
  Natasha (twice) (D:2)
  2 orc wizards (D:4)
  Robin (D:4)
  A dart slug (D:1)
  3 ribbon worms
  6 orcs (D:4)
  6 endoplasms
  3 giant cockroaches (D:1)
  17 goblins
  6 hobgoblins
  4 jackals
  3 quokkas
  4 ball pythons
  7 bats
  A frilled lizard (D:2)
  5 kobolds
  2 rats
75 creatures vanquished.

Notes
Turn   | Place    | Note
-------+----------+-------------------------------------------
     0 | D:1      | Biggs the Coglin Hunter began the quest for the Orb.
     0 | D:1      | Reached XP level 1. HP: 16/16 MP: 1/1
    62 | D:1      | Reached skill level 4 in Ranged Weapons
    62 | D:1      | Reached XP level 2. HP: 22/22 MP: 2/2
   757 | D:1      | Reached XP level 3. HP: 27/27 MP: 3/3
   903 | D:2      | Noticed Natasha
   909 | D:2      | Killed Natasha
   997 | D:2      | Reached skill level 5 in Ranged Weapons
   998 | D:2      | Reached XP level 4. HP: 33/33 MP: 4/4
  1026 | D:2      | Noticed Natasha
  1030 | D:2      | Killed Natasha
  1127 | D:2      | You fall into a shaft and drop 2 floors!
  1156 | D:3      | Found a bloodstained altar of Trog.
  1158 | D:3      | Found a faded altar of an unknown god.
  1174 | D:4      | Noticed Robin
  1194 | D:4      | Killed Robin
  1200 | D:4      | Reached XP level 5. HP: 17/38 MP: 5/5
  2071 | D:4      | Reached skill level 6 in Ranged Weapons
  2289 | D:4      | Reached XP level 6. HP: 44/44 MP: 6/6
  2341 | D:4      | HP: 2/44 [orc priest/divine providence (13)]
  2341 | D:4      | Killed from afar by an orc priest

Illustrated notes

Levels and vault maps discovered:
D:1:      sevenhm_arrival_forest_fort_large_4, layout_basic,
          dreamdust_princess_corridor, minmay_tromino_i4
D:2:      layout_basic, uniq_natasha
D:3:      layout_loops_ring, nicolae_overflow_ecumenical_swirl,
          serial_park_tiny_pond
D:4:      cheibrodos_pilgrimage, layout_layer_cave, uniq_robin

Skill      XL: |  1  2  3  4  5 |
---------------+----------------+-----
Ranged Weapons | 4 5 6 |  6.8
Fighting       | |  2.0
Dodging        | |  1.7
Stealth        | |  0.7

Action                     |  1- 3 |  4- 6 || total
---------------------------+-------+-------++-------
   Fire: Sling             |    98 |   234 ||   332
 Armour: Leather armour    |    10 |    36 ||    46
  Dodge: Dodged            |     3 |    24 ||    27

Table legend: (Time is in decaauts)
 A = Elapsed time spent in this place.
 B = Non-inter-level travel time spent in this place.
 C = Inter-level travel time spent in this place.
 D = Time resting spent in this place.
 E = Time spent auto-exploring this place.
 F = Levels seen in this place.
 G = Mean time per level.
                   A        B        C        D        E       F      G
               +--------+--------+--------+--------+--------+-----+--------+
         Total |   2369 |   2191 |    178 |      2 |   1834 |   4 |  592.2 |
       Dungeon |   2369 |   2191 |    178 |      2 |   1834 |   4 |  592.2 |
               +--------+--------+--------+--------+--------+-----+--------+

Top non-repeatable levels by time:
     D:1: 841 daAuts
     D:3: 705 daAuts
     D:4: 523 daAuts
     D:2: 298 daAuts
